Tangles, neutral female sylph Healer --- . ...-----------.. ...............- ...-------.....| ...| -----.|.|... ....---.....|---- ............G.-- ............hG.-- ....<.......E...-- -...... ---...*..| -.... --....-- |...-- ----- Tangles the Rhizotomist Experience level: 1 Strength: 11 Dexterity: 9 Constitution: 14 Intelligence: 8 Wisdom: 16 Charisma: 17 Health: 0(25) Energy: 6(6) Def: 0 Gold: 1751 Moves: 906 Dungeon seed: P50PdUBpjgOlcUwK Game ID: Tangles_1470649170 Your Inventory: Coins $ - 1751 gold pieces Weapons t - a +0 scalpel (weapon in hand) w - a +0 dagger Armor e - an uncursed +1 pair of leather gloves N - an uncursed +0 dwarvish cloak (being worn) Comestibles a - a blessed eucalyptus leaf named skippy k - 5 blessed eucalyptus leaves l - 7 uncursed apples u - 2 uncursed eucalyptus leaves v - 3 uncursed food rations x - an uncursed eucalyptus leaf G - an uncursed fortune cookie Scrolls o - a blessed scroll of create monster y - an uncursed scroll of magic mapping C - an uncursed scroll of light Spellbooks h - a blessed spellbook of healing i - a blessed spellbook of extra healing j - a blessed spellbook of stone to flesh s - an uncursed spellbook of polymorph Potions b - 2 blessed potions of healing d - 3 uncursed potions of healing f - an uncursed diluted potion of full healing p - an uncursed potion of polymorph B - an uncursed potion of enlightenment Wands g - a wand of sleep (0:7) Tools c - an uncursed stethoscope n - a magic harp (0:0) A - an uncursed wooden harp E - 5 uncursed tallow candles (0:200) F - an uncursed partly used wax candle (lit) (0:390) Gems r - an uncursed worthless piece of yellow glass Y - an uncursed worthless piece of white glass Spells and supernatural/magical abilities: Name Level Category Fail Memory h - healing 1 healing 15% 96% x - extra healing 3 healing 100% 96% S - stone to flesh 3 healing 100% 96% W - pray for help -- divine ? -- Your skills at the end: Miscellaneous Skills wands [Basic] Weapon Skills knife [Basic] Spellcasting Skills healing spells [Basic] Final Attributes: You were devoutly aligned. You were poison resistant. You saw invisible. You were protected from shape changers. You are dead. Vanquished creatures: a gnome lord 2 dwarves 2 hobbits 7 gnomes 2 jackals 5 newts 3 goblins a grid bug 2 lichens 25 creatures vanquished. Voluntary challenges: You followed a strict vegan diet. You did not adorn yourself with jewelry or accessories. You were an atheist. You used a wielded weapon 6 times, starting on turn 370. You did not apply a unicorn horn. You were illiterate. You never genocided any monsters. You never polymorphed an object. You never changed form. You used no wishes. You never split a pudding. You never wrote Elbereth's name. You never violated your personal moral code. Dungeon overview: The Dungeons of Doom: levels 1 to 4 Level 1 a long staircase Level 2 (locked shop) Level 3 stairs to The Gnomish Mines Level 4 The Gnomish Mines: levels 4 to 5 Level 4 stairs to The Dungeons of Doom Level 5 <- You were here History has recorded: On T:1 you entered the Dungeons of Doom to retrieve the Amulet of Yendor! On T:197 you reached level 2 of The Dungeons of Doom. On T:561 you reached level 3 of The Dungeons of Doom. On T:651 you reached level 4 of The Dungeons of Doom. On T:690 you reached level 1 of The Gnomish Mines. On T:852 you reached level 2 of The Gnomish Mines. Score breakdown: Gold: 85 ( 8 points) Experience: 1 level ( 0 points) Exploration: 5 levels ( 120 points) Discoveries: 3 items ( 150 points) Variety of kills: 9 monsters ( 450 points) Major goal: (nothing yet) ( 0 points) Survival: died (score multiplied by 3) Total score: 2184 Latest messages: You hear some noises in the distance. Your candle is consumed! Its flame dies. You are beginning to feel weak. You resume your meal. You don't feel so weak now. You finish eating the lichen corpse. Your candle's flame burns brightly! The gnome picks up a crossbow. The gnome hurls a fizzy potion! The jar crashes on your head and breaks into shards. Something seems to be holding you. The dwarf thrusts her stout spear. The dwarf jabs you! The gnome thrusts one of his daggers. The gnome stabs you! The dwarf thrusts her stout spear. The dwarf jabs you! You die... Final status: Goodbye Tangles the Healer, killed by a dwarf, while frozen by potion vapours... You died in The Gnomish Mines on dungeon level 5 with 2184 points, and 1751 pieces of gold, after 906 moves. You were level 1 with a maximum of 25 hit points when you died.